 Dungeon Crawl Stone Soup version 0.30-b1-5-g8e6c1be481 (webtiles) character file.

Game seed: 323913101428135568

8486 EarthwalkerPL the Protected (level 11, -5/102 HPs)
             Began as a Minotaur Fighter on May 4, 2023.
             Was a High Priest of Okawaru.
             Slain by Amaemon
             ... wielding a +0 demon whip of venom
              (6 damage)
             ... on level 10 of the Dungeon.
             The game lasted 00:11:50 (10306 turns).

EarthwalkerPL the Protected (Minotaur Fighter)     Turns: 10306, Time: 00:11:50

Health: -5/102     AC: 16    Str: 25    XL:     11   Next: 10%
Magic:  11/11      EV: 10    Int: 11    God:    Okawaru [*****.]
Gold:   573        SH:  5    Dex: 10    Spells: 10/10 levels left

rFire   + . .        a - +0 war axe
rCold   + . .        c - +0 buckler
rNeg    . . .        b - +0 scale mail
rPois   .            O - +2 hat
rElec   .            J - scarf {rC+ rF+}
rCorr   .            (no gloves)
SInv    .            y - +0 pair of boots
Will    .....        (no amulet) Stlth
                     l - +6 ring of intelligence
HPRegen 0.37/turn    n - +4 ring of protection
MPRegen 0.12/turn

%: no passive effects
@: lethally poisoned (-5 -> -50), slowed, very slow
A: horns 2, retaliatory headbutt
a: Renounce Religion, Heroism, Finesse, Duel


You were on level 10 of the Dungeon.
You worshipped Okawaru.
Okawaru was extremely pleased with you.
You visited 2 branches of the dungeon, and saw 11 of its levels.

You collected 573 gold pieces.

Inventory:

Hand Weapons
 a - a +0 war axe (weapon)
Missiles
 g - 6 boomerangs
 m - 27 poisoned darts
 p - 6 datura-tipped darts
 s - 2 javelins
 w - 8 atropa-tipped darts
 M - 2 silver boomerangs (quivered)
Armour
 b - a +0 scale mail (worn)
 c - a +0 buckler (worn)
 y - a +0 pair of boots (worn)
 J - a scarf of resistance (worn)
 O - a +2 hat (worn)
Jewellery
 e - a ring of ice
 l - a +6 ring of intelligence (left hand)
 n - a +4 ring of protection (right hand)
 x - an amulet of faith
 z - a ring of resist corrosion
 A - a ring of positive energy
 G - a ring of ice
Wands
 L - a wand of flame (40)
Scrolls
 f - 3 scrolls of noise
 k - 2 scrolls of poison
 q - a scroll of fear
 r - 2 scrolls of enchant weapon
 u - 4 scrolls of magic mapping
 v - a scroll of vulnerability
 C - 3 scrolls of teleportation
 H - 2 scrolls of identify
 N - a scroll of torment {unknown}
Potions
 d - 2 potions of might
 h - a potion of flight
 i - a potion of magic {unknown}
 j - 4 potions of curing
 o - a potion of brilliance {unknown}
 t - 3 potions of mutation {unknown}
 B - 3 potions of haste {unknown}
 D - a potion of berserk rage {unknown}
 E - a potion of degeneration {unknown}
 F - a potion of resistance {unknown}
 I - a potion of invisibility {unknown}
 K - a potion of attraction {unknown}


   Skills:
 * Level 11.2 Fighting
 * Level 10.9 Axes
 + Level 2.1 Throwing
 * Level 11.4 Armour
 + Level 2.3 Dodging
 + Level 8.6 Shields
 + Level 2.1 Invocations


You had 10 spell levels left.
You didn't know any spells.
Your spell library contained the following spells:

 Spells                   Type           Power      Damage    Failure   Level
 Magic Dart               Conj           0%         1d3       63%         1
 Necrotise                Necr           0%         1d4       63%         1
 Sandblast                Erth           0%         2d4       63%         1
 Blink                    Tloc           0%         N/A       77%         2
 Lesser Beckoning         Tloc           0%         N/A       77%         2
 Momentum Strike          Conj/Tloc      0%         3d8       77%         2
 Passwall                 Tmut/Erth      0%         N/A       77%         2
 Mephitic Cloud           Conj/Pois/Air  0%         N/A       94%         3
 Stone Arrow              Conj/Erth      0%         3d7       94%         3
 Vampiric Draining        Necr           0%         2d6       94%         3
 Volatile Blastmotes      Fire/Tloc      0%         2d10      94%         3
 Fulminant Prism          Conj/Hex       0%         3d5       100%        4
 Iskenderun's Mystic Bla  Conj/Tloc      0%         2d3       100%        4
 Agony                    Necr           0%         N/A       100%        5
 Lee's Rapid Deconstruct  Erth           0%         3d4*      100%        5
 Call Imp                 Summ           Unusable   N/A       N/A         2

Dungeon Overview and Level Annotations

Branches:
Dungeon (10/15)            Temple (1/1) D:5             Orc (0/2) D:9
   Lair: D:8-11

Altars:
Ashenzari
Cheibriados
Dithmenos
Elyvilon
Fedhas
Gozag
Hepliaklqana
Kikubaaqudgha
Makhleb
Nemelex Xobeh
Okawaru
Qazlal
Ru
Sif Muna
Uskayaw
Vehumet
Wu Jian
Xom
Yredelemnul
Zin
The Shining One

Shops:
D:2 (   D:5 =

Annotations:
D:10 Amaemon


Innate Abilities, Weirdness & Mutations

You have a pair of horns on your head.
You reflexively headbutt those who attack you in melee.


Message History

Amaemon claws you but does no damage.
Amaemon tail-slaps you but does no damage.
You slash Amaemon!
Amaemon is heavily wounded.
You feel very sick. The orange demon stings you from afar.
Amaemon points at the orange demon and mumbles some strange words.
The orange demon seems to grow toxic.
You hit Amaemon.
Amaemon is heavily wounded.
You feel very sick.
The orange demon stings you but does no damage.
Amaemon hits you with a +0 demon whip of venom!
You are more poisoned.
Amaemon claws you but does no damage.
Amaemon tail-slaps you but does no damage.
You closely miss Amaemon. Your headbutt misses Amaemon.
Amaemon is heavily wounded.
You feel extremely sick. The orange demon stings you from afar!
You are more poisoned.
You have difficulty breathing.
You feel yourself slow down. Amaemon hits you but does no damage.
You are more poisoned.
You block Amaemon's attack.
Amaemon tail-slaps you but does no damage.
You hit Amaemon but do no damage.
Amaemon is heavily wounded.
* * * LOW HITPOINT WARNING * * *
You feel extremely sick. The orange demon stings you from afar!
* * * LOW HITPOINT WARNING * * *
You are more poisoned.
You have difficulty breathing.
* * * LOW HITPOINT WARNING * * *
You feel as though you will be slow longer.
You block Amaemon's attack. Amaemon claws you!
* * * LOW HITPOINT WARNING * * *
Amaemon tail-slaps you.
You die...

#.# #.##... #.#
#.##... ########.##
#.##### #.........#
#.##.##
#.##...#..######.#...#
+.....................
#.#....##.######.....#
#.#.###.# ##.#.##
#..@# #.# #.### ###6#
#.# #####.#### #4# #.#
#......... ... ..#
#.###.###. #.# ### #.#
#)..#. #.# #.# ###.#.
#.# #.###..... #.#
#......... #####.#.##


You could see Amaemon and an orange demon (curare).

Vanquished Creatures
  A two-headed ogre (D:9)
  Pikel (D:8)
  2 deep elf zephyrmancers (D:9)
  Psyche (D:9)
  A troll (D:9)
  2 hornets
  Grinder (D:4)
  12 yaks
  3 steam dragons
  An acid dragon (D:10)
  2 orc warriors
  2 ice beasts (D:8)
  A sky beast (D:6)
  2 black bears
  A swamp drake (D:9)
  An ogre (D:5)
  A centaur (D:7)
  A phantom (D:5)
  A bullfrog (D:8)
  5 scorpions
  13 wights
  7 howler monkeys (D:8)
  A crimson imp (D:9)
  5 hounds
  An iron imp (D:9)
  5 orc priests
  2 sleepcaps
  11 orc wizards
  Robin (D:4)
  11 adders
  2 shadow imps
  5 white imps
  2 ufetubi (D:6)
  3 worms
  6 dart slugs
  64 orcs
  10 endoplasms
  3 giant cockroaches (D:1)
  18 goblins
  6 hobgoblins
  3 jackals (D:3)
  2 quokkas
  6 ball pythons
  4 bats
  3 frilled lizards
  7 kobolds
  6 rats
249 creatures vanquished.

Vanquished Creatures (others)
  9 plants
9 creatures vanquished.

Grand Total: 258 creatures vanquished

Notes
Turn   | Place    | Note
-------+----------+-------------------------------------------
     0 | D:1      | EarthwalkerPL the Minotaur Fighter began the quest for the
                  | Orb.
     0 | D:1      | Reached XP level 1. HP: 19/19 MP: 0/0
   101 | D:1      | Reached XP level 2. HP: 27/27 MP: 1/1
   714 | D:1      | Reached XP level 3. HP: 33/33 MP: 2/2
  1018 | D:2      | Found Fawn's Weapon Boutique.
  1348 | D:2      | Reached XP level 4. HP: 41/41 MP: 3/3
  2163 | D:3      | Reached XP level 5. HP: 26/47 MP: 4/4
  2517 | D:3      | Reached skill level 5 in Fighting
  2517 | D:3      | Reached skill level 5 in Armour
  2838 | D:4      | Noticed Robin
  2843 | D:4      | Killed Robin
  3033 | D:4      | Noticed Grinder
  3034 | D:4      | Reached XP level 6. HP: 47/56 MP: 5/5
  3043 | D:4      | Paralysed by Grinder for 4 turns
  3055 | D:4      | Killed Grinder
  3056 | D:4      | Reached skill level 5 in Axes
  3100 | D:4      | Found an ancient bone altar of Kikubaaqudgha.
  3176 | D:4      | Reached XP level 7. HP: 49/62 MP: 6/6
  3183 | D:4      | Reached skill level 5 in Shields
  3841 | D:5      | Entered Level 5 of the Dungeon
  4068 | D:5      | Found a hide-covered altar of Uskayaw.
  4069 | D:5      | Found a glowing golden altar of the Shining One.
  4069 | D:5      | Found an iron altar of Okawaru.
  4077 | D:5      | Became a worshipper of Warmaster Okawaru
  4223 | D:5      | Found Vaes's Jewellery Shoppe.
  4274 | D:5      | Found a staircase to the Ecumenical Temple.
  4286 | Temple   | Entered the Ecumenical Temple
  4559 | D:5      | Found a shimmering altar of Xom.
  4609 | D:5      | Found a shadowy altar of Dithmenos.
  5045 | D:6      | Reached XP level 8. HP: 65/71 MP: 7/7
  5131 | D:6      | Reached * piety under Okawaru
  5304 | D:6      | Identified the +3 ring mail "Jeurenli" {Rampage rCorr}
  5692 | D:6      | Found a hazy altar of Hepliaklqana.
  6553 | D:8      | Reached XP level 9. HP: 30/82 MP: 8/8
  6739 | D:8      | Reached ** piety under Okawaru
  7682 | D:8      | Reached *** piety under Okawaru
  7958 | D:9      | Noticed Pikel
  7982 | D:8      | Killed Pikel
  7983 | D:8      | Reached skill level 10 in Armour
  8016 | D:9      | Reached XP level 10. HP: 92/93 MP: 9/9
  8049 | D:9      | Noticed a deep elf zephyrmancer
  8053 | D:9      | Killed a deep elf zephyrmancer
  8054 | D:9      | Reached skill level 10 in Fighting
  8077 | D:9      | Noticed a deep elf zephyrmancer
  8083 | D:9      | Killed a deep elf zephyrmancer
  8083 | D:9      | Reached **** piety under Okawaru
  8098 | D:9      | Reached skill level 10 in Axes
  8098 | D:9      | Received a gift from Okawaru
  8261 | D:9      | Found a white marble altar of Elyvilon.
  8278 | D:9      | Noticed a two-headed ogre
  8287 | D:9      | Killed a two-headed ogre
  8385 | D:9      | Found a blossoming altar of Fedhas.
  8397 | D:9      | Reached skill level 1 in Dodging
  8609 | D:9      | Reached skill level 1 in Throwing
  8609 | D:9      | Reached skill level 1 in Invocations
  8637 | D:9      | Found a staircase to the Orcish Mines.
  8764 | D:9      | Reached ***** piety under Okawaru
  8985 | D:9      | Noticed Psyche
  9004 | D:9      | Killed Psyche
  9421 | D:9      | Found a broken altar of Ashenzari.
  9624 | D:10     | Entered Level 10 of the Dungeon
  9716 | D:10     | Reached XP level 11. HP: 95/102 MP: 11/11
 10293 | D:10     | Noticed Amaemon
 10306 | D:10     | HP: 1/102 [Amaemon/+0 demon whip of venom (8)]
 10306 | D:10     | Slain by Amaemon

Illustrated notes

Levels and vault maps discovered:
D:1:      tarquinn_simple_flora_water_e, layout_loops_corners
D:2:      minmay_chambers_of_twos, layout_basic, serial_shops,
          nicolae_square_shop, kennysheep_generic_room_16
D:3:      layout_loops_ring
D:4:      layout_basic, mainiacjoe_overflow_catwalk, nrook_loot_triangle,
          uniq_grinder, uniq_robin
D:5:      layout_basic, amcnicky_altar_gilded,
          mainiacjoe_overflow_surrounded_room, grunt_temple_overflow_open,
          minmay_temple_entry_overgrown, serial_shops, kennysheep_mini_moat
D:6:      layout_cave_pools, lemuel_round_altar, serial_bayou_pond_b
D:7:      layout_basic
D:8:      layout_loops_cross
D:9:      layout_stronghold, elyvilon_altar_5, fedhas_altar_1,
          mainiacjoe_overflow_boulevard, hiddenorc1_lemuel,
          hangedman_minor_magic, uniq_pikel, uniq_psyche
D:10:     layout_loops_corners, lemuel_tele_altar, gammafunk_ghost_split,
          nicolae_trove_entry_diagonal, hangedman_misty_isle, uniq_amaemon
Temple:   grunt_temple_mini_profane

Skill      XL: |  1  2  3  4  5  6  7  8  9 10 11 |
---------------+----------------------------------+-----
Fighting       | 4 5 6 8 9 11 | 11.2
Armour         | 4 5 6 7 8 10 11 | 11.4
Axes           | 3 4 5 6 7 9 10 | 10.9
Shields        | 4 5 6 7 8 |  8.6
Dodging        | 2 |  2.3
Throwing       | 1 2 |  2.1
Invocations    | 1 2 |  2.1

Action                     |  1- 3 |  4- 6 |  7- 9 | 10-12 || total
---------------------------+-------+-------+-------+-------++-------
  Melee: War axe           |    66 |   150 |   257 |   185 ||   658
         Headbutt          |     6 |    22 |    55 |    41 ||   124
  Throw: Dart              |       |     3 |       |    10 ||    13
         Boomerang         |       |       |       |     5 ||     5
    Use: Scroll            |       |     7 |     2 |       ||     9
 Armour: Scale mail        |    34 |    88 |   159 |    75 ||   356
  Dodge: Dodged            |    34 |    57 |   110 |    71 ||   272
  Block: Buckler           |    11 |    27 |    61 |    39 ||   138
